 Dungeon Crawl Stone Soup version 0.25.1-2-g60ff931df9 (webtiles) character file.

Game seed: 7914728036941671446

51 pokeman the Magician (level 3, 0/20 HPs)
             Began as a Deep Elf Wizard on Nov 5, 2020.
             Succumbed to a worker ant's poison
             ... on level 2 of the Dungeon.
             The game lasted 00:02:29 (1401 turns).

pokeman the Magician (Deep Elf Wizard)              Turns: 1401, Time: 00:02:29

Health: 0/20       AC:  2    Str:  3 (4)  XL:     3   Next: 58%
Magic:  10/11      EV: 12    Int: 22 (23) God:
Gold:   105        SH:  0    Dex: 12 (13) Spells: 11/12 levels left

rFire    . . .     SeeInvis .   (no weapon)
rCold    . . .     Gourm    .   (no shield)
rNeg     . . .     Faith    .   a - +0 robe
rPois    .         Spirit   .   b - +0 hat
rElec    .         Reflect  .   (no cloak)
rCorr    .         Harm     .   (no gloves)
MR       .....                  (no boots)
Stlth    ++........             (no amulet)
HPRegen  0.06/turn              (no ring)
MPRegen  0.12/turn              (no ring)

@: mighty, lethally poisoned (0 -> -4)
A: no striking features
a: no special abilities


You were on level 2 of the Dungeon.
You were not hungry.

You visited 1 branch of the dungeon, and saw 2 of its levels.

You collected 105 gold pieces.

Inventory:

Missiles
 e - 20 poisoned darts (quivered)
 k - 15 bolts
Armour
 a - a +0 robe (worn)
 b - a +0 hat (worn)
Scrolls
 c - a scroll of amnesia {unknown}
 f - 3 scrolls of teleportation {unknown}
 h - a scroll of blinking {unknown}
 j - a scroll of identify {unknown}
 n - a scroll of random uselessness {unknown}
Comestibles
 d - 5 rations


   Skills:
 + Level 1.0 Fighting
 + Level 1.0 Armour
 - Level 2.4 Dodging
 - Level 2.4 Stealth
 * Level 5.3 Spellcasting
 + Level 1.9 Conjurations
   Level 1.1 Summonings
   Level 1.1 Translocations


You had 11 spell levels left.
You knew the following spells:

 Your Spells              Type           Power        Failure   Level  Hunger
a - Magic Dart            Conj           ##..         4%          1    None

Your spell library contained the following spells:

 Spells                   Type           Power        Failure   Level  Hunger
 Blink                    Tloc           N/A          10%         2    None
 Call Imp                 Summ           ##......     10%         2    None
 Slow                     Hex            #.......     16%         2    None
 Conjure Flame            Conj/Fire      ##......     21%         3    ##.....
 Mephitic Cloud           Conj/Pois/Air  #.......     22%         3    ##.....


Dungeon Overview and Level Annotations

Branches:
Dungeon (2/15)

Altars:


Message History

You feel sick.
It was a potion of magic.
Magic courses through your body.
* * * LOW HITPOINT WARNING * * *
You feel sick.
Things that are here:
a poisoned dart; a worker ant corpse
* * * LOW HITPOINT WARNING * * *
You feel sick.
Found a ration.
* * * LOW HITPOINT WARNING * * *
You feel sick.
A frilled lizard comes into view.
Casting: Magic Dart (safe; 4% risk of failure)
Confirm with . or Enter, or press ? or * to list all spells.
Aiming: Magic Dart (safe; 4% risk of failure)
Press: ? - help, Shift-Dir - straight line, f - frilled lizard
Aim: a frilled lizard (wandering, hasn't noticed you)
The magic dart hits the frilled lizard.
You kill the frilled lizard!
You die...

##.# ...#
#†.# #%.#
#..# #..#
#.(# #.@#
######..#
#.......#
#.#####.#
#.# #(#
#.# #.#
#.#


There were no monsters in sight!

Vanquished Creatures
  A worker ant (D:2)
  A leopard gecko (D:1)
  2 bats (D:1)
  3 giant cockroaches (D:1)
  4 goblins (D:1)
  4 hobgoblins (D:1)
  2 frilled lizards
  2 kobolds (D:1)
  7 rats (D:1)
26 creatures vanquished.

Notes
Turn   | Place    | Note
-------+----------+-------------------------------------------
     0 | D:1      | pokeman the Deep Elf Wizard began the quest for the Orb.
     0 | D:1      | Reached XP level 1. HP: 10/10 MP: 7/7
   437 | D:1      | Reached XP level 2. HP: 16/16 MP: 4/9
  1027 | D:1      | Reached skill level 5 in Spellcasting
  1390 | D:2      | Reached skill level 1 in Fighting
  1390 | D:2      | Reached skill level 1 in Armour
  1390 | D:2      | Reached XP level 3. HP: 6/20 MP: 0/11
  1398 | D:2      | HP: 1/20 [poisoned by a worker ant]
  1401 | D:2      | Succumbed to a worker ant's poison

Illustrated notes

Levels and vault maps discovered:
D:1:      dpeg_arrival_water_fire, layout_basic, hangedman_abyss_or_decor_stabs
D:2:      layout_basic, overflow_temple_1_default, lemuel_doored_altar,
          first_ration

Skill      XL: |  1  2 |
---------------+-------+-----
Spellcasting   | 5 |  5.3
Fighting       | 1 |  1.0
Armour         | 1 |  1.0
Dodging        | |  2.4
Stealth        | |  2.4
Conjurations   | |  1.9
Summonings     | |  1.1
Translocations | |  1.1

Action                   || total
-------------------------++-------
Melee: Unarmed           ||     2
Throw: Dart              ||    10
 Cast: Magic Dart        ||    60
  Use: Potion            ||     3
  Eat: Chunk             ||     1
Armor: Robe              ||     4
Dodge: Dodged            ||    19
